 Dungeon Crawl Stone Soup version 0.27.0-1-g7a089689b8 (webtiles) character file.

Game seed: 152309200607726387

13099 pkoi the Grappler (level 11, -1/113 HPs)
             Began as a Troll Monk on Aug 7, 2021.
             Was a Priest of Ashenzari.
             Slain by an orc warrior (31 damage)
             ... in a bailey.
             The game lasted 00:17:36 (8866 turns).

pkoi the Grappler (Troll Monk)                      Turns: 8866, Time: 00:17:37

Health: -1/113     AC:  9    Str: 24    XL:     11   Next: 71%
Magic:  10/10      EV: 12    Int:  6    God:    Ashenzari [***...]
Gold:   424        SH:  0    Dex: 12    Spells: 10/10 levels left

rFire    + . .     SeeInvis +     - Unarmed
rCold    . . .     Faith    .   (no shield)
rNeg     + + .     Spirit   .   h - +1 robe of Ashenzari's Seeker {rF+, Bglg, Range} (curse)
rPois    .         Reflect  .   p - +2 hat "Tethered Together" {Self, Melee} (curse)
rElec    .         Harm     .   n - +1 cloak "Ruined Adversity" {Fort, Evo} (curse)
rCorr    .         Rampage  .   (gloves unavailable)
Will     .....     Clarity  +   (boots unavailable)
Stlth    ++........             (no amulet)
HPRegen  1.28/turn              i - ring of the Prophetic Paranoia {rN+, Fort, Range} (curse)
MPRegen  0.12/turn              t - ring of positive energy

@: mighty, studying Fighting
A: large, unfitting armour, claws 3, regeneration 1, shaggy fur 1, tough skin 1
a: Renounce Religion, Shatter the Chains


You were in a bailey.
You worshipped Ashenzari.
Ashenzari was most pleased with you.
You visited 2 branches of the dungeon, and saw 11 of its levels.
You also visited: Bailey.

You collected 584 gold pieces.
You spent 160 gold pieces at shops.

Inventory:

Missiles
 d - 60 poisoned darts
 g - 2 throwing nets
 y - 7 boomerangs (quivered)
 A - a curare-tipped dart
Armour
 h - the cursed +1 robe of Ashenzari's Seeker (worn) {rF+, Bglg, Range}
   (You found it on level 2 of the Dungeon)

   It has a curse which improves the following skills: Beguiling: Conjurations,
   Hexes and Translocations.
   Ranged Combat: Slings, Bows, Crossbows and Throwing.
 n - the cursed +1 cloak "Ruined Adversity" (worn) {Fort, Evo}
   (You took it off Crazy Yiuf on level 3 of the Dungeon)

   It has a curse which improves the following skills: Fortitude: Armour and
   Shields.
   Evocations: Evocations.
 p - the cursed +2 hat "Tethered Together" (worn) {Self, Melee}
   (You bought it in a shop on level 5 of the Dungeon)

   It has a curse which improves the following skills: Introspection: Fighting
   and Spellcasting.
   Melee Combat: Short Blades, Long Blades, Axes, Maces & Flails, Polearms,
   Staves and Unarmed Combat.
Jewellery
 i - the cursed ring of the Prophetic Paranoia (left claw) {rN+, Fort, Range}
   (You found it on level 5 of the Dungeon)

   [ring of positive energy]

   rN:        It protects you from negative energy.
   It has a curse which improves the following skills: Fortitude: Armour and
   Shields.
   Ranged Combat: Slings, Bows, Crossbows and Throwing.
 q - a ring of magical power
 t - a ring of positive energy (right claw)
 x - a ring of ice
 z - an amulet of reflection
Wands
 w - a wand of flame (41)
Scrolls
 b - a scroll of enchant armour
 c - 5 scrolls of fog
 j - 3 scrolls of amnesia
 l - 6 scrolls of teleportation
 r - 2 scrolls of blinking
 B - a scroll of fear
 C - a scroll of holy word
Potions
 a - 3 potions of haste
 e - 6 potions of heal wounds
 f - 2 potions of invisibility
 k - 7 potions of curing
 m - 2 potions of flight
 o - a potion of ambrosia
 s - 2 potions of brilliance
 v - a potion of magic


   Skills:
 + Level 6.9(8.9) Fighting
 + Level 6.1(9.1) Throwing
 - Level 4.0(6.7) Armour
 + Level 6.8 Dodging
 - Level 1.0 Stealth
 * Level 12.6(14.2) Unarmed Combat
 - Level 2.7(4.3) Evocations


You had 10 spell levels left.
You didn't know any spells.
Your spell library contained the following spells:

 Spells                   Type           Power      Damage    Failure   Level
 Shock                    Conj/Air       0%         1d3       43%         1
 Gell's Gravitas          Tloc           0%         N/A       80%         3
 Teleport Other           Tloc           0%         N/A       80%         3
 Tukima's Dance           Hex            0%         N/A       80%         3
 Swiftness                Air            0%         N/A       83%         3
 Airstrike                Air            0%         N/A       99%         4
 Passage of Golubria      Tloc           N/A        N/A       99%         4
 Summon Forest            Summ/Tloc      0%         N/A       100%        5
 Summon Mana Viper        Hex/Summ       0%         N/A       100%        5
 Yara's Violent Unravell  Hex/Tmut       0%         3d3       100%        5
 Dispersal                Tloc           0%         N/A       100%        6
 Shadow Creatures         Summ           N/A        N/A       100%        6


Dungeon Overview and Level Annotations

Branches:
Dungeon (10/15)            Temple (1/1) D:5            Lair (0/6) D:8
    Orc (0/2) D:9          Bailey (1/1)

Altars:
Ashenzari
Cheibriados
Dithmenos
Elyvilon
Fedhas
Gozag
Hepliaklqana
Kikubaaqudgha
Makhleb
Nemelex Xobeh
Okawaru
Ru
Sif Muna
Trog
Uskayaw
Vehumet
Wu Jian
Xom
Yredelemnul
Zin
The Shining One

Shops:
D:5 [


Innate Abilities, Weirdness & Mutations

You are too large for most types of armour.
You have claws for hands.
Your natural rate of healing is unusually fast.
You are covered in fur. (AC +1)
You have tough skin. (AC +1)


Message History

The orc barely misses you. The orc hits you with a +0 trident.
There is an open door here.
You mangle the orc!!
You kill the orc!
No target in view!
No target in view!
Things that are here:
a +0 trident; a +0 chain mail
There is an open door here.
You enter the shallow water.
Moving in this stuff is going to be slow.
You open the gate.
Found two gates leading back out of this place.
There is an open gate here.
You pick up a manual of Fighting and begin studying.
Unknown command.
You open the door. 3 orc warriors and an orc knight come into view.
The orc knight roars a battlecry!
The orc warriors go into a battle-frenzy!
The orc warrior shouts!
Found a scroll of acquirement and a manual of Fighting.
Found a roughly hewn altar of Beogh.
Okay, then.
You feel very mighty all of a sudden.
The orc warrior shouts! x2
The orc knight hits you from afar with a +0 halberd!
The orc warrior hits you from afar with a +0 spear!
The orc knight hits you with a +0 halberd!
The orc warrior barely misses you.
The orc warrior hits you with a +0 glaive!!
There is an open door, spattered with blood here.
You barely miss the orc knight. You closely miss the orc knight.
The orc warrior hits you from afar with a +0 spear!
* * * LOW HITPOINT WARNING * * *
The orc knight barely misses you.
The orc warrior hits you with a +0 glaive!!
You die...

..≈≈≈≈≈≈≈≈≈≈#########≈≈≈≈≈≈≈≈≈≈..
..≈≈≈≈≈≈≈≈≈##≈≈≈≈≈≈≈##≈≈≈≈≈≈≈≈≈..
..≈≈≈≈≈≈≈≈##≈≈#'#'#≈≈##≈≈≈≈≈≈≈≈..
..≈≈≈≈≈≈≈≈#≈≈##)#)##≈≈#≈≈≈≈≈≈≈≈..
..≈≈≈≈≈≈≈##≈#########≈##≈≈≈≈≈≈≈..
..≈≈≈≈≈≈≈##≈')#:.?#)'≈##≈≈≈≈≈≈≈..
..≈≈≈≈≈≈≈##≈###.o.###≈##≈≈≈≈≈≈≈..
..≈≈≈≈≈≈≈##≈')#ooo#)'≈##≈≈≈≈≈≈≈..
..≈≈≈≈≈≈≈##≈####@####≈##≈≈≈≈≈≈≈..
..≈≈≈≈≈≈≈≈#≈≈##∩.∩##≈≈##≈≈≈≈≈≈≈..
..≈≈≈≈≈≈≈≈##≈≈#'''##≈≈≈≈≈≈≈≈≈≈≈..
..≈≈≈≈≈≈≈≈≈##≈≈≈≈≈##≈≈≈≈≈≈≈≈≈≈≈..
..≈≈≈≈≈≈≈≈≈≈##≈≈≈≈##≈≈≈≈≈≈≈≈≈≈≈..
..≈≈#.#≈≈≈≈≈≈#######≈≈≈≈≈≈#.#≈≈..
..≈##.∩#≈≈≈≈≈≈≈≈≈≈≈≈≈≈≈≈≈#∩.##≈..
..≈..^.)≈≈≈≈≈≈≈≈≈≈≈≈≈≈≈≈≈..^.)≈..
..≈##.##≈≈≈≈≈≈≈≈≈≈≈≈≈≈≈≈≈##.##≈..


You could see an orc knight and 3 orc warriors.

Vanquished Creatures
  2 centaur warriors
  A cyclops (D:8)
  2 manticores
  2 kobold demonologists (D:8)
  A hornet (D:9)
  A wraith (D:5)
  2 wyverns
  Eustachio (D:4)
  5 yaks (D:8)
  2 steam dragons (D:8)
  3 vampire mosquitoes (D:10)
  4 wargs
  8 water moccasins
  13 orc warriors
  2 sky beasts
  4 ice beasts
  2 black bears
  A necrophage (D:7)
  6 ogres
  7 centaurs
  2 kobold brigands
  9 bullfrogs
  A gnoll sergeant (D:9)
  5 scorpions
  2 water moccasin skeletons
  8 killer bees
  4 wights
  An electric eel (D:6)
  3 howler monkeys
  A crimson imp (D:5)
  5 centaur zombies
  4 bullfrog zombies
  3 hounds (D:6)
  3 jellies
  Crazy Yiuf (D:3)
  2 bullfrog skeletons
  A gnoll shaman (D:9)
  5 orc priests
  3 iguanas
  A centaur skeleton (D:4)
  15 orc wizards
  Terence (D:3)
  2 killer bee zombies
  2 howler monkey zombies (D:9)
  10 gnolls
  10 river rats (D:5)
  7 adders
  A shadow imp (D:8)
  5 white imps
  2 ufetubi
  A worm (D:3)
  A dart slug (D:2)
  51 orcs
  10 ball pythons
  9 endoplasms
  A giant cockroach (D:1)
  10 goblins
  5 hobgoblins
  4 jackals
  12 quokkas
  11 bats
  3 frilled lizards
  5 kobolds
  23 rats
334 creatures vanquished.

Vanquished Creatures (others)
  An orc (D:8)
  A demonic plant (D:3)
  2 fungi
  11 plants (D:8)
  A withered plant (D:3)
16 creatures vanquished.

Grand Total: 350 creatures vanquished

Notes
Turn   | Place    | Note
-------+----------+-------------------------------------------
     0 | D:1      | pkoi the Troll Monk began the quest for the Orb.
     0 | D:1      | Reached XP level 1. HP: 22/22 MP: 0/0
   477 | D:1      | Reached XP level 2. HP: 29/29 MP: 1/1
  1008 | D:2      | Reached skill level 4 in Unarmed Combat
  1016 | D:2      | Reached XP level 3. HP: 36/36 MP: 2/2
  1050 | D:2      | Reached skill level 1 in Throwing
  1243 | D:2      | Found an ancient bone altar of Kikubaaqudgha.
  1502 | D:3      | Found a sparkling altar of Nemelex Xobeh.
  1670 | D:3      | Noticed Terence
  1672 | D:3      | Reached XP level 4. HP: 41/44 MP: 3/3
  1696 | D:3      | Killed Terence
  1697 | D:3      | Reached skill level 5 in Unarmed Combat
  1761 | D:3      | Noticed a scorpion
  1768 | D:3      | Killed a scorpion
  1769 | D:3      | Reached XP level 5. HP: 50/50 MP: 4/4
  1816 | D:3      | Found a white marble altar of Elyvilon.
  2315 | D:3      | Found a faded altar of an unknown god.
  2427 | D:3      | Found a runed translucent door.
  2428 | D:3      | Noticed Crazy Yiuf
  2481 | D:3      | Killed Crazy Yiuf
  2482 | D:3      | Reached skill level 6 in Unarmed Combat
  2482 | D:3      | Reached XP level 6. HP: 34/59 MP: 5/5
  2700 | D:4      | Noticed an ice beast
  2716 | D:4      | Killed an ice beast
  2832 | D:4      | Reached skill level 7 in Unarmed Combat
  2832 | D:4      | Reached XP level 7. HP: 66/66 MP: 6/6
  2909 | D:4      | Found an iron altar of Okawaru.
  3012 | D:4      | Noticed Eustachio
  3037 | D:4      | Killed Eustachio
  3461 | D:5      | Entered Level 5 of the Dungeon
  3534 | D:5      | Noticed a wraith
  3544 | D:5      | Found a staircase to the Ecumenical Temple.
  3553 | Temple   | Entered the Ecumenical Temple
  3829 | Temple   | Became a worshipper of Ashenzari the Shackled
  3924 | D:5      | Reached * piety under Ashenzari
  4003 | D:5      | Reached XP level 8. HP: 69/75 MP: 7/7
  4021 | D:5      | Reached skill level 8 in Unarmed Combat
  4170 | D:5      | Reached skill level 1 in Evocations
  4377 | D:5      | Found a burning altar of Makhleb.
  4378 | D:5      | Found a shimmering altar of Xom.
  4432 | D:5      | Reached ** piety under Ashenzari
  4446 | D:5      | Found Caothrypt's Armour Boutique.
  4451 | D:5      | Bought a +2 hat for 160 gold pieces
  4497 | D:5      | Reached skill level 9 in Unarmed Combat
  4623 | D:6      | Reached XP level 9. HP: 80/84 MP: 8/8
  5518 | D:7      | Reached skill level 10 in Unarmed Combat
  5531 | D:7      | Reached skill level 5 in Fighting
  5531 | D:7      | Reached skill level 5 in Dodging
  5651 | D:7      | Found a bloodstained altar of Trog.
  6161 | D:8      | Reached XP level 10. HP: 95/96 MP: 9/9
  6255 | D:8      | Noticed a centaur warrior
  6272 | D:8      | Killed a centaur warrior
  6273 | D:8      | Reached skill level 1 in Armour
  6273 | D:8      | Reached skill level 11 in Unarmed Combat
  6381 | D:8      | Noticed a manticore
  6403 | D:8      | Killed a manticore
  6628 | D:8      | Noticed a cyclops
  6633 | D:8      | Killed a cyclops
  6634 | D:8      | Reached skill level 5 in Throwing
  6667 | D:8      | Reached XP level 11. HP: 85/105 MP: 10/10
  6813 | D:8      | Reached skill level 12 in Unarmed Combat
  6893 | D:8      | Found a staircase to the Lair.
  7219 | D:9      | Found a hide-covered altar of Uskayaw.
  7307 | D:9      | Found a staircase to the Orcish Mines.
  7599 | D:9      | HP: 3/107 [manticore (7)]
  7956 | D:9      | Noticed a centaur warrior
  7967 | D:9      | Killed a centaur warrior
  8254 | D:10     | Entered Level 10 of the Dungeon
  8273 | D:10     | Found a flagged portal.
  8400 | D:10     | Reached *** piety under Ashenzari
  8423 | Bailey   | Entered a bailey
  8862 | Bailey   | Noticed an orc knight
  8863 | Bailey   | Identified a scroll of acquirement
  8866 | Bailey   | Slain by an orc warrior

Illustrated notes

Levels and vault maps discovered:
D:1:      dpeg_arrival_ternary, layout_loops_corners, grunt_decor_junction
D:2:      layout_basic, basic_altar, feat_on_display
D:3:      minmay_razor_zed, layout_loops_ring, nicolae_elyvilon_temple_path,
          nemelex_dance_club_becter, shapermc_ecumenical_altar_gd, uniq_terence,
          uniq_crazy_yiuf_cottage
D:4:      minmay_angry_zag, layout_loops_ring, lemuel_doored_altar,
          roderic_lattice_a, uniq_eustachio
D:5:      lemuel_ratsnest, layout_cave_pools,
          grunt_temple_overflow_champion_of_chaos,
          minmay_temple_entry_large_hall, serial_shops, kennysheep_little_box,
          hangedman_decor_diamond_cutter
D:6:      layout_loops_ring, minmay_misc_feat_rows, minmay_crystal_water,
          st_stairs_14
D:7:      layout_rooms, mainiacjoe_overflow_boulevard
D:8:      nzn_winding_woodlands_stair_cross
          [nzn_winding_woodlands_5x15_pathside_ponds,
          nzn_winding_woodlands_center_lodge,
          nzn_winding_woodlands_5x15_lazy_stream,
          nzn_winding_woodlands_5x5_open_star,
          nzn_winding_woodlands_5x5_perimeter,
          nzn_winding_woodlands_5x15_sawtooth,
          nzn_winding_woodlands_center_garden,
          nzn_winding_woodlands_5x15_cabin], layout_rooms,
          erik_lair_orcish_takeover
D:9:      layout_small_grid, lemuel_tele_altar, erik_orc_3,
          minmay_increasing_density
D:10:     layout_irregular_city, nicolae_overflow_hidden_temple, enter_bailey_8,
          corexii_checkpoint_b, serial_bayou_lake_a, uniq_snorg, uniq_grum,
          uniq_erica
Temple:   dpeg_chambers_temple
Bailey:   bailey_polearm_2, bailey

Skill      XL: |  1  2  3  4  5  6  7  8  9 10 11 |
---------------+----------------------------------+-----
Unarmed Combat | 4 5 6 7 9 10 11 12 | 12.6
Throwing       | 1 2 3 4 5 6 |  6.1
Fighting       | 3 4 5 6 |  6.9
Dodging        | 3 4 5 6 |  6.8
Evocations     | 2 |  2.7
Armour         | 2 4 |  4.0
Stealth        | |  1.0

Action                   |  1- 3 |  4- 6 |  7- 9 | 10-12 || total
-------------------------+-------+-------+-------+-------++-------
Melee: Unarmed           |   106 |   117 |   376 |   384 ||   983
       Punch             |     1 |     3 |    12 |    18 ||    34
Throw: Dart              |       |     3 |       |    18 ||    21
       Boomerang         |       |       |       |    46 ||    46
Invok: Curse Item        |       |       |     3 |     1 ||     4
  Use: Scroll            |       |       |     5 |     2 ||     7
       Potion            |       |       |     2 |     1 ||     3
 Stab: Sleeping          |     2 |     5 |     5 |     3 ||    15
Armor: Robe              |    49 |    39 |   127 |   161 ||   376
Dodge: Dodged            |    53 |    37 |   198 |   263 ||   551
